 Dungeon Crawl Stone Soup version 0.27.0-1-g7a089689b8 (webtiles) character file.

Game seed: 7630051675679659291

1253 Crownlay the Cleaver (level 8, -1/96 HPs)
             Began as a Hill Orc Fighter on Aug 12, 2021.
             Was a Believer of Okawaru.
             Slain by a troll (11 damage)
             ... on level 6 of the Dungeon.
             The game lasted 00:11:10 (5314 turns).

Crownlay the Cleaver (Hill Orc Fighter)             Turns: 5314, Time: 00:11:11

Health: -1/96      AC: 24    Str: 21    XL:     8   Next: 51%
Magic:  8/8        EV:  2    Int:  8    God:    Okawaru [**....]
Gold:   445        SH:  0    Dex: 10    Spells: 7/7 levels left

rFire    + . .     SeeInvis +   a - +0 war axe
rCold    x . .     Faith    +   (no shield)
rNeg     + + +     Spirit   .   (armour currently unavailable)
rPois    +         Reflect  .   (helmet currently unavailable)
rElec    .         Harm     .   (cloak currently unavailable)
rCorr    .         Rampage  .   (gloves currently unavailable)
Will     .....     NoTele   +   (boots currently unavailable)
Stlth    +.........             k - amulet of faith
HPRegen  0.26/turn              j - ring of fire
MPRegen  0.11/turn              y - ring of see invisible

@: tree-form
A: stationary, stasis, torment immunity, boosted hp
a: Renounce Religion, Heroism


You were on level 6 of the Dungeon.
You worshipped Okawaru.
Okawaru was pleased with you.
You were a tree.
You visited 2 branches of the dungeon, and saw 7 of its levels.

You collected 445 gold pieces.

Inventory:

Hand Weapons
 a - a +0 war axe (weapon)
Armour
 c - a +0 kite shield
 h - a +0 pair of boots (melded)
 i - a +4 plate armour of fire resistance (melded)
 w - a +0 cloak of poison resistance
 D - a +2 cloak (melded)
Jewellery
 d - a ring of fire
 j - a ring of fire (left branch)
 k - an amulet of faith (around neck)
 m - a +4 ring of evasion
 q - a ring of willpower
 y - a ring of see invisible (right branch)
 z - a ring of willpower
Wands
 r - a wand of iceblast (7)
 B - a wand of digging (2)
 E - a wand of polymorph (9)
Scrolls
 b - 2 scrolls of identify
 e - 3 scrolls of immolation
 f - a scroll of fog
 l - a scroll of brand weapon
 n - a scroll of teleportation {unknown}
 o - a scroll of fear {unknown}
 s - 3 scrolls of noise
 u - 2 scrolls of enchant armour
Potions
 g - 3 potions of curing
 p - a potion of heal wounds {unknown}
 t - 2 potions of degeneration {unknown}
 v - 4 potions of flight
 A - a potion of lignification
 C - 2 potions of attraction {unknown}
Miscellaneous
 x - a phial of floods


   Skills:
 - Level 3.6 Fighting
 + Level 12.8 Axes
 - Level 3.2 Armour
 - Level 3.2 Shields


You had 7 spell levels left.
You didn't know any spells.
Your spell library contained the following spells:

 Spells                   Type           Power      Damage    Failure   Level
 Beastly Appendage        Tmut           0%         N/A       41%         1
 Wereblood                Tmut           0%         N/A       54%         2
 Spider Form              Tmut/Pois      0%         N/A       78%         3


Dungeon Overview and Level Annotations

Branches:
Dungeon (6/15)             Temple (1/1) D:4

Altars:
Ashenzari
Cheibriados
Dithmenos
Elyvilon
Fedhas
Gozag
Hepliaklqana
Kikubaaqudgha
Nemelex Xobeh
Okawaru
Sif Muna
Trog
Uskayaw
Xom
Yredelemnul
Zin
The Shining One

Annotations:
D:4 2 runed translucent doors


Message History

The troll moves out of view.
A troll is nearby!
The troll bites you! The troll claws you but does no damage.
The troll claws you.
You slash the troll!
The troll is moderately wounded.
The troll bites you! The troll claws you!
The troll claws you but does no damage.
You are too injured to fight recklessly!
You are too injured to fight recklessly!
You are too injured to fight recklessly!
You are too injured to fight recklessly!
You are too injured to fight recklessly!
You are too injured to fight recklessly!
You are too injured to fight recklessly!
You are too injured to fight recklessly!
You slash the troll!
The troll is heavily wounded.
The troll bites you!
* * * LOW HITPOINT WARNING * * *
The troll claws you.
* * * LOW HITPOINT WARNING * * *
The troll claws you but does no damage.
It was a potion of lignification.
You turn into a tree.
Your +2 cloak melds into your body.
Your +0 pair of boots melds into your body.
Your +4 plate armour of fire resistance melds into your body.
You feel less resistant to fire.
Your roots penetrate the ground.
The troll barely misses you. The troll claws you.
* * * LOW HITPOINT WARNING * * *
The troll claws you but does no damage.
You slash the troll!
The troll is severely wounded.
The troll bites you.
* * * LOW HITPOINT WARNING * * *
The troll barely misses you. The troll claws you but does no damage.
You hit the troll.
The troll is almost dead.
The troll bites you!
You die...

....# ....# ## ....#
#. ....##########.#
............ ...####
..........### .....
............. ...
..........#### #T#
####.......... #♣##
#......######..######
#
#......#............#
#
#......#.####...###.#
# ####'### #.#...#.#
#######.# #.#.....#
........# #.#.#.###
######### ####.#.#.#
#####.... #....#...#


You could see a troll.

Vanquished Creatures
  An ice beast (D:4)
  A sky beast (D:5)
  The ghost of Edwards80 the Chopper, an amateur HOBe of Trog (D:3)
  3 phantoms
  A kobold brigand (D:4)
  A killer bee (D:4)
  4 wights (D:5)
  A bullfrog zombie (D:6)
  An orc priest (D:5)
  2 jellies
  A hound (D:4)
  An iguana (D:5)
  2 orc wizards (D:4)
  2 scorpion simulacra (D:3)
  2 hound skeletons (D:4)
  7 adders
  An adder skeleton (D:4)
  A worm (D:4)
  3 dart slugs
  15 orcs
  9 ball pythons
  6 bats
  9 endoplasms
  3 giant cockroaches
  7 goblins
  10 hobgoblins
  11 jackals
  10 kobolds
  3 quokkas
  A frilled lizard (D:1)
  A giant cockroach simulacrum (D:3)
  A jackal simulacrum (D:3)
  A jackal skeleton (D:4)
  A quokka simulacrum (D:3)
  10 rats
134 creatures vanquished.

Vanquished Creatures (others)
  3 plants (D:2)
3 creatures vanquished.

Grand Total: 137 creatures vanquished

Notes
Turn   | Place    | Note
-------+----------+-------------------------------------------
     0 | D:1      | Crownlay the Hill Orc Fighter began the quest for the Orb.
     0 | D:1      | Reached XP level 1. HP: 19/19 MP: 1/1
    72 | D:1      | Reached skill level 3 in Axes
   120 | D:1      | Reached XP level 2. HP: 24/26 MP: 2/2
   217 | D:1      | Reached skill level 4 in Axes
   438 | D:1      | Reached XP level 3. HP: 27/31 MP: 3/3
   798 | D:1      | Reached skill level 5 in Axes
  1242 | D:2      | Reached XP level 4. HP: 37/39 MP: 4/4
  1451 | D:2      | Found a glowing golden altar of the Shining One.
  1690 | D:2      | Reached skill level 6 in Axes
  1974 | D:3      | Found a snail-covered altar of Cheibriados.
  1994 | D:3      | Found a hide-covered altar of Uskayaw.
  2192 | D:3      | Noticed Edwards80's ghost (amateur HOBe)
  2221 | D:3      | Found a runed translucent gate.
  2221 | D:3      | Found a runed translucent gate.
  2221 | D:3      | Found a runed translucent gate.
  2373 | D:3      | Reached XP level 5. HP: 45/45 MP: 5/5
  2381 | D:3      | Reached skill level 7 in Axes
  2422 | D:3      | Killed Edwards80's ghost
  2423 | D:3      | Reached skill level 8 in Axes
  2423 | D:3      | Reached XP level 6. HP: 40/51 MP: 6/6
  2621 | D:4      | Found a staircase to the Ecumenical Temple.
  2638 | Temple   | Entered the Ecumenical Temple
  2659 | Temple   | Became a worshipper of Warmaster Okawaru
  2939 | D:4      | Reached skill level 9 in Axes
  3103 | D:4      | Found a hazy altar of Hepliaklqana.
  3201 | D:4      | Reached XP level 7. HP: 42/57 MP: 7/7
  3395 | D:4      | Found a large runed translucent door.
  3395 | D:4      | Found a large runed translucent door.
  3426 | D:4      | Reached * piety under Okawaru
  3438 | D:4      | Reached skill level 10 in Axes
  3439 | D:4      | Found a large runed translucent door.
  3439 | D:4      | Found a large runed translucent door.
  4092 | D:4      | Found a shadowy altar of Dithmenos.
  4117 | D:5      | Entered Level 5 of the Dungeon
  4144 | D:5      | Reached skill level 11 in Axes
  4453 | D:5      | Identified the +4 flail "Ebuvuar" {vorpal, Int+3}
  4495 | D:5      | Reached ** piety under Okawaru
  4496 | D:5      | Reached XP level 8. HP: 44/64 MP: 8/8
  4502 | D:5      | Reached skill level 12 in Axes
  4992 | D:5      | Found a bloodstained altar of Trog.
  5306 | D:6      | Noticed a troll
  5314 | D:6      | Slain by a troll

Illustrated notes

Levels and vault maps discovered:
D:1:      psy_arrival_basics, layout_loops_ring, amcnicky_mini_corridor_feature,
          chequers_serial_rivers_marsh
D:2:      cheibrodos_old_hovel, layout_rooms, basic_altar, minmay_diced_spiral
D:3:      layout_basic, amcnicky_altar_gilded, mainiacjoe_overflow_tiny_flanked,
          gammafunk_ghost_icy
D:4:      layout_loops_ring, lemuel_coloured_pillars_altar,
          mainiacjoe_overflow_surrounded_room, minmay_temple_entry_stoned_glass,
          minmay_hollow_rounded_squares
D:5:      layout_cave_pools, lemuel_tele_altar, lemuel_flame_loot_1
D:6:      layout_basic, nicolae_overflow_hidden_temple
Temple:   cyrus_circular_temple

Skill      XL: |  1  2  3  4  5  6  7  8 |
---------------+-------------------------+-----
Axes           | 3 4 5 6 8 9 11 12 | 12.8
Fighting       | |  3.6
Armour         | |  3.2
Shields        | |  3.2

Action                   |  1- 3 |  4- 6 |  7- 9 || total
-------------------------+-------+-------+-------++-------
Melee: War axe           |   112 |   196 |   139 ||   447
  Use: Potion            |       |     1 |     3 ||     4
       Scroll            |       |       |     7 ||     7
Armor: Scale mail        |    58 |    94 |    12 ||   164
       Plate armour      |       |       |    64 ||    64
       Skin              |       |       |     2 ||     2
Dodge: Dodged            |    54 |   100 |    51 ||   205
Block: Kite shield       |    24 |       |       ||    24
